AoeStats
← LArcadia49

Nomad

510209918Analyzed
4v4 RM · 12h ago on Sep 30, 2026· 49m 47s· 8 players
Game mode
Random Map
Map size
231×231
Population
200
Speed
Normal
Resources
Standard
Victory
Conquest
Starting age
Dark Age
Ending age
Imperial Age
RankedLock teamsTeams togetherTeam positionsShared explorationLock speedFull tech treeHidden civsTurbo modeCheats
Victory
Defeat
🇺🇸 Spanish · United States
1191
+14
🇳🇮 Vikings · Nicaragua
1151
+16
🇫🇷 Poles · France
1134
+16
🇲🇽 Huns · Mexico
1100
+18
🇦🇺 Magyars · Australia
1197
-18
🇨🇳 Mongols · China
1160
-17
🇧🇷 Magyars · Brazil
1112
-15
🇨🇱 Danes · Chile
1092
-14
petey_hs
3:45 Loom
13:11 Feudal Age
13:49 Double-Bit Axe
14:08 Fishing Lines
18:27 Castle Age
16:49 Stone Mining
16:49 Gold Mining
16:44 Horse Collar
19:05 Fletching
19:23 Heavy Plow
19:38 Bow Saw
20:30 Bodkin Arrow
22:40 Padded Archer Armor
23:04 Gillnets
26:52 Leather Archer Armor
28:20 Wheelbarrow
27:33 Town Watch
31:40 Imperial Age
30:20 Ballistics
33:39 Conscription
34:53 Two-Man Saw
34:48 Bracer
36:17 Chemistry
39:38 Hand Cart
39:23 Town Patrol
39:58 Ring Archer Armor
39:38 Forging
39:34 Scale Barding Armor
39:27 Murder Holes
39:42 Masonry
39:19 Elite Conquistador
41:12 Bloodlines
41:02 Husbandry
42:23 Architecture
43:11 Chain Barding Armor
43:26 Iron Casting
43:19 Light Cavalry
44:20 Gambesons
44:35 Squires
44:21 Arson
44:00 Capped Ram
44:01 Onager
44:56 Clinker Construction
44:57 Careening
44:57 Fortified Wall
44:50 Caravan
45:28 Coinage
45:09 Guilds
46:43 Carvel Hull
45:46 Man-at-Arms
45:47 Pikeman
45:49 Hussar
46:50 Devotion
47:17 Illumination
Xh4e
5:44 Loom
17:35 Feudal Age
22:25 Castle Age
20:41 Double-Bit Axe
20:57 Horse Collar
21:26 Gold Mining
21:30 Stone Mining
21:24 Fishing Lines
23:15 Wheelbarrow
23:58 Bow Saw
23:59 Gillnets
26:25 Heavy Plow
27:44 Hand Cart
28:22 Gold Shaft Mining
33:21 Imperial Age
33:30 Imperial Age
31:33 Husbandry
31:44 Bloodlines
31:41 Scale Barding Armor
31:46 Forging
32:26 Pikeman
34:52 Scale Mail Armor
35:28 Iron Casting
34:53 Halberdier
37:35 Chain Mail Armor
38:20 Blast Furnace
38:17 Squires
38:03 Arson
40:12 Elite Tarkan
41:13 Conscription
40:54 Marauders
50:50 Two-Man Saw
50:41 Chain Barding Armor
LArcadia49
3:59 Loom
16:32 Feudal Age
28:08 Castle Age
28:31 Crossbowman
36:51 Fletching
39:15 Horse Collar
40:55 Town Watch
41:45 Wheelbarrow
43:52 Wheelbarrow
45:26 Double-Bit Axe
45:55 Heavy Plow
47:03 Hand Cart
Naxzh Foster
10:40 Loom
14:19 Feudal Age
16:03 Double-Bit Axe
16:14 Horse Collar
18:00 Fletching
19:13 Padded Archer Armor
27:12 Castle Age
27:22 Gold Mining
27:16 Crossbowman
27:52 Bodkin Arrow
29:45 Leather Archer Armor
29:39 Squires
31:00 Scale Mail Armor
33:22 Forging
35:22 Pikeman
37:31 Ballistics
37:07 Murder Holes
36:52 Treadmill Crane
38:13 Chain Mail Armor
37:47 Arson
41:52 Iron Casting
41:21 Heavy Plow
43:10 Gold Shaft Mining
42:25 Stone Mining
43:19 Bow Saw
50:33 Imperial Age
Sr Cortes
8:28 Loom
14:41 Feudal Age
15:26 Double-Bit Axe
15:12 Man-at-Arms
22:38 Castle Age
20:41 Scale Mail Armor
20:50 Arson
22:20 Forging
22:45 Long Swordsman
23:13 Gambesons
23:46 Chain Mail Armor
24:43 Fletching
26:27 Fishing Lines
27:01 Gillnets
28:28 Iron Casting
32:42 Squires
33:13 Horse Collar
33:31 Stone Mining
33:36 Gold Mining
34:26 Bodkin Arrow
35:32 Wheelbarrow
35:39 Heavy Plow
36:49 Pikeman
37:50 Hand Cart
40:06 Scale Barding Armor
43:18 Imperial Age
43:17 Chain Barding Armor
44:37 Plate Barding Armor
44:28 Conscription
44:19 Husbandry
44:32 Bloodlines
Ashweight
5:36 Loom
13:47 Feudal Age
17:17 Double-Bit Axe
20:02 Fishing Lines
25:57 Bloodlines
29:41 Castle Age
27:34 Gold Mining
28:04 Scale Barding Armor
30:32 Husbandry
31:50 Horse Collar
32:47 Wheelbarrow
32:24 Bow Saw
32:36 Light Cavalry
35:06 Chain Barding Armor
36:40 Heavy Plow
37:34 Gold Shaft Mining
39:57 Town Watch
42:33 Hand Cart
Faizcafria
6:41 Loom
16:28 Feudal Age
17:15 Double-Bit Axe
19:25 Fishing Lines
22:51 Bloodlines
26:28 Wheelbarrow
27:42 Horse Collar
30:42 Castle Age
29:29 Gold Mining
32:40 Stone Mining
32:53 Husbandry
33:39 Gold Shaft Mining
33:37 Fletching
33:48 Padded Archer Armor
35:49 Bodkin Arrow
37:34 Hand Cart
41:04 Scale Barding Armor
44:49 Imperial Age
44:31 Ballistics
44:22 Masonry
44:26 Town Watch
46:06 Murder Holes
49:57 Hoardings
飞鱼
4:41 Loom
4:52 Loom
14:17 Feudal Age
14:25 Man-at-Arms
14:51 Arson
20:06 Scale Barding Armor
25:52 Fletching
28:23 Castle Age
Connection lost

Rejoining the realm…

Still unreachable

The connection could not be restored.

Session expired

The server has moved on; the page needs a fresh start.